Match 27733268
Unlisted

Match 27733268
End
Royal Engineer Section
Construct Section Command Post
Dingo Light Scout Car
Selects Heavy Armor Battlegroup
Infantry Section
Infantry Section
Construct Platoon Command Post
Selects Rigorous Vehicle Training
Selects Light Vehicle Withdraw and Refit
Humber Armored Car
Construct Field Infirmary
Infantry Section
6-pounder Anti-tank Gun Team
Selects Forward Repair Assembly
Construct Company Command Post
Vickers Machine Gun Team
Unlock M3 Grant Medium Tanks
M3 Grant Medium Tank
Selects Recon Artillery
M3 Grant Medium Tank
Armored Vehicle Training
6-pounder Anti-tank Gun Team
Team Weapon Training
Selects Crusader AA Medium Tank
Selects UNKNOWN (2162094)
Selects Crusader AA Medium Tank
M3 Grant Medium Tank
Recon Artillery
M3 Grant Medium Tank
BALCK_9
Menty
InSaNiedi
aSIISymbiosis
0
0

Comments sign in to comment!

No comments posted yet!